 Dungeon Sprint DCSS version 0.22.1-1-ga44c0e56f4 (webtiles) character file.

1484 MuseOD the Unseen (level 8, -7/43 HPs)
             Began as a Spriggan Enchanter on Sept 23, 2018.
             Was a Follower of Dithmenos.
             Mangled by a death drake (10 damage)
             ... in the Dungeon (Sprint II: "The Violet Keep of Menkaure").
             The game lasted 00:02:15 (610 turns).

MuseOD the Unseen (Spriggan Enchanter)               Turns: 610, Time: 00:02:15

Health: -7/43      AC:  1    Str:  4    XL:     8   Next: 50%
Magic:  10/23      EV: 18    Int: 19    God:    Dithmenos [*.....]
Gold:   810        SH:  0    Dex: 16    Spells: 18/27 levels left

rFire    . . .     SeeInvis +   a - +1 dagger
rCold    . . .     Gourm    .   (shield restricted)
rNeg     . . .     Faith    .   b - +0 robe
rPois    .         Spirit   .   (helmet restricted)
rElec    .         Reflect  .   (no cloak)
rCorr    .         Harm     .   (gloves unavailable)
MR       +....     NoTele   +   (boots unavailable)
Stlth    +++++++...             (no amulet)
HPRegen  0.14/turn              (no ring)
MPRegen  0.18/turn              (no ring)

@: very slightly contaminated, wreathed by umbra, very quick
A: very small, unfitting armour, see invisible, deformed body, herbivore, speed
3, slow metabolism 2
a: Renounce Religion


You were in the Dungeon.
You worshipped Dithmenos.
Dithmenos was aware of your devotion.
You were not hungry.

You visited 1 branch You collected 810 gold pieces.

Inventory:

Hand Weapons
 a - a +1 dagger (weapon)
Armour
 b - a +0 robe (worn)
Potions
 g - a potion of haste
 h - 2 potions of magic
Comestibles
 d - a ration


   Skills:
 - Level 5.3 Fighting
 - Level 10.1 Short Blades
 - Level 3.0 Dodging
 + Level 15.7 Stealth
 + Level 10.0 Spellcasting
 + Level 10.3 Hexes


You had 18 spell levels left.
You knew the following spells:

 Your Spells              Type           Power        Failure   Level  Hunger
a - Corona                Hex            #####..      1%          1    None
b - Ensorcelled Hibernat  Hex/Ice        ####..       1%          2    None
c - Confuse               Hex            #####...     1%          3    None
d - Dazzling Spray        Conj/Hex       ####..       2%          3    None

Your spell library contained the following spells:

 Spells                   Type           Power        Failure   Level  Hunger
 Tukima's Dance           Hex            #####...     1%          3    None


Dungeon Overview and Level Annotations

Branches:
Dungeon (1/1)

Altars:
Cheibriados
Dithmenos
Elyvilon
Fedhas
Gozag
Hepliaklqana
Kikubaaqudgha
Makhleb
Nemelex Xobeh
Okawaru
Qazlal
Ru
Sif Muna
Trog
Uskayaw
Vehumet
Wu Jian
Xom
Yredelemnul
Zin
The Shining One
Beogh
Jiyva
Lugonu


Innate Abilities, Weirdness & Mutations

You are very small and have problems with some larger weapons.
You are too small for most types of armour.
You have supernaturally acute eyesight. (SInv)
You are a herbivore.
You cover ground extremely quickly.
You need to consume almost no food.
Armour fits poorly on your strangely shaped body.


Message History

The death drake resists with significant effort.
The death drake bites you. x2
Casting: Confuse (safe; 1% risk of failure)
Confirm with . or Enter, or press ? or * to list all spells.
Aiming: Confuse (safe; 1% risk of failure)
Press: ? - help, Shift-Dir - straight line, f/p - death drake
Aim: a death drake (umbra, chance to defeat MR: 54%)
The death drake resists with significant effort.
The death drake bites you!
The death drake bites you but does no damage.
The death drake bites you!
* * * LOW HITPOINT WARNING * * *
Casting: Confuse (safe; 1% risk of failure)
Confirm with . or Enter, or press ? or * to list all spells.
Aiming: Confuse (safe; 1% risk of failure)
Press: ? - help, Shift-Dir - straight line, f/p - death drake
Aim: a death drake (umbra, chance to defeat MR: 54%)
The death drake resists with significant effort.
The death drake bites you!
You die...

.#..# ...# ...#
.).####..#####..# .# ?!?
#'###.##..#..+^k# .#▓?(%($
#.##.#.#..#..#..# .#▓?$$?!(
.<.'##.'..####..##. ▓%$[)%)
#.###..#....###...##▓▓▓▓▓▓▓
#'###.##......≈chh≈≈≈≈≈≈≈≈≈
.#.####≈§.....h#k########+#
†#.†#≈≈≈≈§≈≈..y#@k_._._.#≈§
#.###≈≈§§≈≈≈≈.≈#._._._..#§≈
#+##≈≈≈≈≈≈§§≈≈≈#_._._._.#≈≈
≈≈≈≈≈§≈§§§≈≈#._._._._#§§
++#§≈≈§§§≈≈≈#.._._._.#§§
§§###≈≈#..._._._#§t
#≈≈#...._._.#§§
#≈≈#....._._#≈≈
§§≈§##########≈≈


You could see 2 death drakes, 3 polar bears, a yaktaur, a hornet and a swamp
drake.

Vanquished Creatures
  A merfolk siren (D)
  2 hippogriffs (D)
  3 neqoxecs (D)
  3 soldier ants (D)
  4 worker ants (D)
13 creatures vanquished.

Vanquished Creatures (others)
  A manticore (D)
  A neqoxec (D)
  A crocodile (D)
3 creatures vanquished.

Grand Total: 16 creatures vanquished

Notes
Turn   | Place    | Note
-------+----------+-------------------------------------------
     0 | D        | MuseOD the Spriggan Enchanter began the quest for the Orb.
     0 | D        | Reached XP level 1. HP: 9/9 MP: 5/5
     1 | D        | Noticed a neqoxec
     4 | D        | Noticed a merfolk siren
    14 | D        | Killed a merfolk siren
    14 | D        | Reached skill level 5 in Fighting
    14 | D        | Reached skill level 10 in Short Blades
    14 | D        | Reached skill level 11 in Stealth
    14 | D        | Reached XP level 2. HP: 18/18 MP: 6/6
    14 | D        | Reached XP level 3. HP: 23/23 MP: 8/8
    14 | D        | Reached XP level 4. HP: 27/27 MP: 9/9
    14 | D        | Reached XP level 5. HP: 30/30 MP: 10/10
    14 | D        | Reached XP level 6. HP: 35/35 MP: 11/11
    20 | D        | Learned a level 2 spell: Ensorcelled Hibernation
    24 | D        | Learned a level 3 spell: Confuse
    28 | D        | Learned a level 3 spell: Dazzling Spray
    65 | D        | Noticed a hippogriff
    65 | D        | Noticed a hippogriff
    68 | D        | Killed a hippogriff
    68 | D        | Reached skill level 12 in Stealth
    68 | D        | Reached skill level 5 in Spellcasting
    75 | D        | Killed a hippogriff
    75 | D        | Reached skill level 13 in Stealth
    75 | D        | Reached XP level 7. HP: 22/39 MP: 8/18
   158 | D        | Gained mutation: Armour fits poorly on your strangely
                  | shaped body. [a neqoxec]
   161 | D        | Killed a neqoxec
   161 | D        | Reached skill level 14 in Stealth
   162 | D        | Noticed a neqoxec
   162 | D        | Noticed a neqoxec
   163 | D        | Noticed a neqoxec
   172 | D        | Killed a neqoxec
   172 | D        | Reached XP level 8. HP: 22/43 MP: 0/21
   205 | D        | Found a roughly hewn altar of Beogh.
   206 | D        | Found a hazy altar of Hepliaklqana.
   206 | D        | Found a snail-covered altar of Cheibriados.
   207 | D        | Found a stormy altar of Qazlal.
   207 | D        | Found a viscous altar of Jiyva.
   207 | D        | Found a shadowy altar of Dithmenos.
   208 | D        | Found a sacrificial altar of Ru.
   208 | D        | Found an ancient bone altar of Kikubaaqudgha.
   208 | D        | Found a white marble altar of Elyvilon.
   209 | D        | Found an ornate altar of the Wu Jian Council.
   209 | D        | Found a deep blue altar of Sif Muna.
   209 | D        | Found a corrupted altar of Lugonu.
   210 | D        | Found a shimmering altar of Xom.
   210 | D        | Found a bloodstained altar of Trog.
   210 | D        | Found a burning altar of Makhleb.
   211 | D        | Found a glowing golden altar of the Shining One.
   211 | D        | Found a basalt altar of Yredelemnul.
   211 | D        | Found a hide-covered altar of Uskayaw.
   213 | D        | Found a glowing silver altar of Zin.
   213 | D        | Found a radiant altar of Vehumet.
   213 | D        | Found a blossoming altar of Fedhas.
   213 | D        | Found a sparkling altar of Nemelex Xobeh.
   214 | D        | Found an opulent altar of Gozag.
   214 | D        | Found an iron altar of Okawaru.
   219 | D        | Became a worshipper of Dithmenos the Shadowed
   231 | D        | Reached skill level 15 in Stealth
   232 | D        | Reached skill level 10 in Hexes
   236 | D        | Reached * piety under Dithmenos
   236 | D        | Reached skill level 10 in Spellcasting
   546 | D        | Noticed a polar bear
   549 | D        | Noticed a death drake
   550 | D        | Noticed a death drake
   552 | D        | Noticed a yaktaur
   552 | D        | Noticed a hornet
   552 | D        | Noticed a polar bear
   552 | D        | Noticed a polar bear
   592 | D        | Killed a manticore
   610 | D        | Mangled by a death drake

Skill      XL: |  1  2  3  4  5  6  7  8 |
---------------+-------------------------+-----
Fighting       | 5 |  5.3
Short Blades   | 10 | 10.1
Stealth        | 11 13 14 15 | 15.7
Spellcasting   | 7 8 10 | 10.0
Hexes          | 7 9 10 | 10.3
Dodging        | |  3.0

Action                   |  1- 3 |  4- 6 |  7- 9 || total
-------------------------+-------+-------+-------++-------
Melee: Dagger            |     7 |     5 |    13 ||    25
 Cast: Confuse           |       |     1 |    14 ||    15
       Ensorcelled Hiber |       |       |     2 ||     2
  Use: Potion            |     1 |       |     2 ||     3
       Scroll            |       |       |     1 ||     1
 Stab: Sleeping          |       |     1 |     7 ||     8
       Confused          |       |     1 |     3 ||     4
Armor: Robe              |       |       |     1 ||     1
Dodge: Dodged            |     4 |     6 |     6 ||    16
